 Dungeon Crawl Stone Soup version 0.30-a0-6-g7c9e10e132 (webtiles) character file.

Game seed: 5257440057148571953

7224 drugrobin the Covert (level 10, -8/91 HPs)
             Began as a Demigod Delver on Aug 23, 2022.
             Mangled by a death yak simulacrum (15 damage)
             ... in an ice cave.
             The game lasted 00:28:28 (12554 turns).

drugrobin the Covert (Demigod Delver)              Turns: 12554, Time: 00:28:29

Health: -8/91      AC:  7    Str: 13    XL:     10   Next: 57%
Magic:  0/19       EV: 16    Int: 12    God:
Gold:   587        SH:  5    Dex: 27    Spells: 15/17 levels left

rFire   . . .      SeeInvis +    Y - +2 short sword (holy)
rCold   . . .      Faith    .    L - +0 buckler
rNeg    . . .      Spirit   +    l - +0 leather armour
rPois   .          Reflect  .    (no helmet)
rElec   .          Harm     .    w - +2 cloak
rCorr   .          Rampage  .    v - +0 pair of gloves
Will    +....                    (no boots)
Stlth   +++++.....               f - amulet of guardian spirit
HPRegen 0.25/turn                J - ring of see invisible
MPRegen 0.16/turn                W - +4 ring of evasion

@: studying Maces & Flails
A: high MP 1, forlorn, divine attributes
a: no special abilities


You were in an ice cave.
You visited 2 branches of the dungeon, and saw 10 of its levels.
You also visited: Sewer and Ice Cave.

You collected 587 gold pieces.

Inventory:

Hand Weapons
 a - a +2 short sword of speed
 b - a +1 dagger of venom
 K - a +2 great sword of holy wrath
 T - a +0 sling
 Y - a +2 short sword of holy wrath (weapon)
Missiles
 h - 51 stones (quivered)
 r - 34 poisoned darts
Armour
 l - a +0 leather armour (worn)
 n - an orb of light
 v - a +0 pair of gloves (worn)
 w - a +2 cloak (worn)
 L - a +0 buckler (worn)
Magical Staves
 X - a staff of conjuration
Jewellery
 f - an amulet of guardian spirit (around neck)
 z - a ring of flight
 J - a ring of see invisible (left hand)
 N - a ring of protection from fire
 W - a +4 ring of evasion (right hand)
Wands
 g - a wand of digging (7)
 A - a wand of flame (5)
 G - a wand of mindburst (12)
 V - a wand of light (3)
Scrolls
 c - a scroll of fog
 e - 3 scrolls of fear
 j - 2 scrolls of amnesia {unknown}
 m - 2 scrolls of teleportation {unknown}
 p - 2 scrolls of magic mapping
 q - a scroll of enchant weapon {unknown}
 s - 9 scrolls of identify {unknown}
 x - a scroll of poison {unknown}
 y - 2 scrolls of enchant armour {unknown}
 I - a scroll of noise {unknown}
 O - a scroll of blinking {unknown}
 R - a scroll of summoning {unknown}
 S - 3 scrolls of vulnerability {unknown}
 U - 2 scrolls of immolation {unknown}
Potions
 d - 2 potions of invisibility
 i - 2 potions of berserk rage {unknown}
 k - 11 potions of curing {unknown}
 o - 3 potions of degeneration {unknown}
 t - 3 potions of lignification {unknown}
 u - 3 potions of heal wounds {unknown}
 B - a potion of mutation {unknown}
 C - a potion of brilliance {unknown}
 D - a potion of resistance {unknown}
 F - a potion of flight {unknown}
 H - a potion of attraction {unknown}
 M - 2 potions of haste
 P - 3 potions of might {unknown}
 Q - a potion of magic {unknown}


   Skills:
 + Level 9.0 Fighting
 + Level 9.1 Short Blades
 - Level 1.7 Dodging
 - Level 10.0 Stealth
 - Level 4.0 Spellcasting


You had 15 spell levels left.
You knew the following spells:

 Your Spells              Type           Power      Damage    Failure   Level
a - Blink                 Tloc           4%         N/A       52%         2

Your spell library contained the following spells:

 Spells                   Type           Power      Damage    Failure   Level
 Apportation              Tloc           4%         N/A       36%         1
 Necrotise                Necr           8%         1d4       36%         1
 Summon Small Mammal      Summ           8%         N/A       36%         1
 Static Discharge         Conj/Air       2%         3-4/arc   52%         2
 Lesser Beckoning         Tloc           2%         N/A       75%         3
 Portal Projectile        Hex/Tloc       4%         N/A       75%         3
 Tukima's Dance           Hex            2%         N/A       75%         3
 Vampiric Draining        Necr           2%         2d6       75%         3
 Dispel Undead            Necr           2%         3d7       98%         4
 Sticky Flame             Conj/Fire      2%         2d3       98%         4
 Agony                    Necr           2%         N/A       100%        5
 Blade Hands              Tmut           1%         N/A       100%        5
 Manifold Assault         Tloc           2%         N/A       100%        5


Dungeon Overview and Level Annotations

Branches:
Dungeon (9/15)             Temple (0/1) D:4             Orc (1/2) D:9
  Sewer (visited)           IceCv (1/1)
   Lair: D:8-11

Shops:
D:6 (=([


Innate Abilities, Weirdness & Mutations

You have an increased reservoir of magic. (+10% MP)
You shall have no god before yourself.
Your divine heritage dramatically boosts your attributes as you level up.


Message History

Unknown command.
There is an ice choked empty arch of ancient stone here.
There is an ice choked empty arch of ancient stone here.
There is an ice choked empty arch of ancient stone here.
There is an ice covered gate leading back out of this place, spattered with blood here.
There is an ice covered gate leading back out of this place, spattered with blood here.
Throw: 2 javelins
Press: ? - help, Shift-Dir - straight line, f - death yak simulacrum
Aim: a death yak simulacrum (98% to hit)
You throw a javelin.
The javelin pierces through the death yak simulacrum but does no damage.
Unknown command.
Throw: javelin
Press: ? - help, Shift-Dir - straight line, f/p - death yak simulacrum
Aim: a death yak simulacrum (98% to hit)
You throw a javelin.
The javelin pierces through the death yak simulacrum.
The death yak simulacrum is lightly damaged.
You hit the death yak simulacrum but do no damage.
The death yak simulacrum is lightly damaged.
You hit the death yak simulacrum.
The death yak simulacrum convulses.
The death yak simulacrum is moderately damaged.
The death yak simulacrum gores you. The death yak simulacrum freezes you!!!
You hit the death yak simulacrum.
The death yak simulacrum convulses.
The death yak simulacrum is moderately damaged.
You hit the death yak simulacrum but do no damage.
The death yak simulacrum is moderately damaged.
The death yak simulacrum closely misses you.
You hit the death yak simulacrum but do no damage.
The death yak simulacrum is moderately damaged.
You hit the death yak simulacrum but do no damage.
The death yak simulacrum is moderately damaged.
The death yak simulacrum gores you!! The death yak simulacrum freezes you!!!
* * * LOW HITPOINT WARNING * * *
You hit the death yak simulacrum.
The death yak simulacrum convulses!
The death yak simulacrum is severely damaged.
The death yak simulacrum gores you.
* * * LOW HITPOINT WARNING * * *
The death yak simulacrum freezes you!
You die...

..## ##≈#≈#
##≈≈≈≈≈# ≈≈≈≈≈≈≈
#≈≈≈≈ #### . ##..#
##..## ..
##..#####....##
...##....##.......#
......#..(....∩Z@.#
.....###..........#
Z..### ##..##....##
..# ######..## ..
#### .


You could see a death yak simulacrum.

Vanquished Creatures
  An orc high priest (Orc:1)
  Pikel (D:3)
  The ghost of Underfrisk the Covert, a novice NaHW of Cheibriados (D:6)
  A hornet (D:8)
  Grinder (Sewer)
  9 yaks
  2 death yak simulacra (IceCv)
  A water moccasin (D:7)
  3 sky beasts
  2 ice beasts
  5 orc warriors
  A black bear (D:5)
  2 centaurs (D:4)
  4 ogres
  3 kobold brigands
  2 gnoll sergeants (D:8)
  A bullfrog (D:6)
  3 necrophages
  3 scorpions
  3 wights (D:6)
  4 killer bees
  3 jellies
  An elephant simulacrum (IceCv)
  2 howler monkeys (D:9)
  2 quasits (Sewer)
  4 orc priests
  2 hounds (D:5)
  Jessica (D:2)
  9 orc wizards
  Terence (D:2)
  7 iguanas
  A troll simulacrum (IceCv)
  A wolf simulacrum (IceCv)
  8 gnolls
  8 adders
  6 shadow imps
  3 white imps
  5 ufetubi (Sewer)
  4 worms
  3 dart slugs
  25 orcs
  7 ball pythons
  2 bats
  A bat zombie (Sewer)
  8 endoplasms
  5 giant cockroaches
  6 hobgoblins
  6 jackals (D:4)
  36 kobolds
  4 quokkas
  4 frilled lizards
  3 goblins
  3 rats
234 creatures vanquished.

Vanquished Creatures (others)
  2 orcs (Orc:1)
  An endoplasm (Sewer)
  A plant (D:3)
4 creatures vanquished.

Grand Total: 238 creatures vanquished

Notes
Turn   | Place    | Note
-------+----------+-------------------------------------------
     0 | D:5      | drugrobin the Demigod Delver began the quest for the Orb.
     0 | D:5      | Reached XP level 1. HP: 18/18 MP: 3/3
    12 | D:4      | Noticed a lemure
    29 | D:5      | Noticed a necrophage
    30 | D:5      | Noticed a black bear
   588 | D:2      | Noticed Jessica
   631 | D:1      | Reached XP level 2. HP: 25/25 MP: 2/4
  1809 | D:2      | Reached XP level 3. HP: 30/30 MP: 5/5
  1830 | D:2      | Reached skill level 5 in Stealth
  2053 | D:2      | Killed Jessica
  2325 | D:2      | Noticed Terence
  2327 | D:2      | Killed Terence
  2328 | D:2      | Reached XP level 4. HP: 37/37 MP: 6/6
  2427 | D:3      | Found a transporter.
  2880 | D:3      | Found a transporter.
  3283 | D:3      | Reached XP level 5. HP: 45/45 MP: 7/7
  3448 | D:4      | Found a staircase to the Ecumenical Temple.
  3449 | D:4      | Noticed a centaur
  3454 | D:4      | Noticed a centaur
  3457 | D:4      | Killed a centaur
  3460 | D:4      | Killed a centaur
  3461 | D:4      | Reached skill level 6 in Stealth
  3461 | D:4      | Reached XP level 6. HP: 52/52 MP: 8/8
  3775 | D:4      | Noticed Pikel
  3809 | D:3      | Killed Pikel
  3810 | D:3      | Reached skill level 5 in Short Blades
  3810 | D:3      | Reached skill level 7 in Stealth
  3810 | D:3      | Reached XP level 7. HP: 19/60 MP: 3/9
  4181 | D:4      | Reached skill level 5 in Fighting
  4682 | D:5      | Reached XP level 8. HP: 69/69 MP: 10/10
  5156 | D:5      | Learned a level 2 spell: Blink
  5408 | D:5      | Reached skill level 8 in Stealth
  5575 | D:6      | Found Deunino's Armour Boutique.
  5575 | D:6      | Found a runed translucent door.
  5589 | D:6      | Noticed Underfrisk's ghost (novice NaHW)
  5695 | D:6      | Found a glowing drain.
  5705 | Sewer    | Entered a sewer
  6001 | Sewer    | Reached skill level 1 in Spellcasting
  6222 | Sewer    | Noticed Grinder
  6237 | Sewer    | Killed Grinder
  6486 | D:6      | Found Eriruowag's Jewellery Shop.
  6825 | D:6      | Found Wibutt's Weapon Shop.
  6927 | D:6      | Reached XP level 9. HP: 75/78 MP: 13/15
  7197 | D:6      | Found a runed translucent door.
  7408 | D:6      | Found Ciomat Jao's Weapon Boutique.
  7619 | D:6      | Killed Underfrisk's ghost
  7987 | D:7      | Reached skill level 9 in Stealth
 10121 | D:8      | Reached XP level 10. HP: 31/88 MP: 6/19
 10554 | D:9      | Found a staircase to the Orcish Mines.
 11011 | D:9      | Reached skill level 10 in Stealth
 12103 | Orc:1    | Entered Level 1 of the Orcish Mines
 12103 | Orc:1    | Noticed an orc high priest
 12116 | Orc:1    | Killed an orc high priest
 12153 | Orc:1    | Found a frozen archway.
 12317 | IceCv    | Entered an ice cave
 12554 | IceCv    | Mangled by a death yak simulacrum

Illustrated notes

Levels and vault maps discovered:
D:1:      psy_arrival_heroes, layout_basic,
          dreamdust_ecumenical_altar_angels_and_demons, minmay_quantized
D:2:      layout_loops_cross, chequers_serial_rivers_room_a,
          kennysheep_decorative_pillar, minmay_split_cup_small, uniq_jessica,
          uniq_terence
D:3:      gammafunk_wand_slinger, layout_basic, corner_web_ring,
          small_statue_intersection
D:4:      layout_basic, minmay_temple_entry_junction, minmay_manual_mares,
          uniq_pikel
D:5:      layout_loops_ring
D:6:      layout_cave_pods, serial_shops, nicolae_stop_n_shop_1, shop,
          nicolae_stop_n_shop_2, shop, cheibrodos_sewer_entry_bend,
          ebering_ghost_sewer_f
D:7:      layout_rooms, minmay_misc_feat_square
D:8:      layout_rooms, grunt_decor_junction
D:9:      layout_cave_pools, mainiacjoe_overflow_surrounded_room, orc_0_dummy,
          uniq_harold
Orc:1:    nicolae_orc_accident_1, layout_diamond_mine, basic_altar,
          gammafunk_ghost_abyssal_escape, portal_ice_cave_entry_pillars_1,
          guppyfry_library_mini
IceCv:    ice_cave_small_necro

Skill      XL: |  1  2  3  4  5  6  7  8  9 10 |
---------------+-------------------------------+-----
Short Blades   | 2 3 4 5 6 7 9 |  9.1
Stealth        | 5 6 7 8 9 10 | 10.0
Fighting       | 3 4 5 6 7 9 |  9.0
Spellcasting   | 2 4 |  4.0
Dodging        | |  1.7

Action                   |  1- 3 |  4- 6 |  7- 9 | 10-12 || total
-------------------------+-------+-------+-------+-------++-------
Melee: Short sword       |    79 |    92 |   607 |   160 ||   938
       Punch             |       |     1 |     2 |       ||     3
       Dagger            |       |       |    40 |    60 ||   100
       Great sword       |       |       |     9 |       ||     9
 Fire: Sling             |     7 |       |       |       ||     7
Throw: Dart              |       |     5 |    13 |     5 ||    23
       Stone             |       |       |     6 |     2 ||     8
       Javelin           |       |       |     5 |     5 ||    10
Evoke: Wand              |       |    17 |    17 |     4 ||    38
  Use: Potion            |     1 |       |       |     2 ||     3
       Scroll            |     1 |       |       |     1 ||     2
 Stab: Sleeping          |    14 |     8 |    13 |     1 ||    36
       Distracted        |       |       |     1 |     3 ||     4
       Invisible         |       |       |       |    14 ||    14
Armor: Leather armour    |     9 |    20 |   163 |    23 ||   215
Dodge: Dodged            |    26 |    34 |   222 |   100 ||   382
Block: Buckler           |       |       |    54 |    20 ||    74

Table legend: (Time is in decaauts)
 A = Elapsed time spent in this place.
 B = Non-inter-level travel time spent in this place.
 C = Inter-level travel time spent in this place.
 D = Time resting spent in this place.
 E = Time spent auto-exploring this place.
 F = Levels seen in this place.
 G = Mean time per level.
                   A        B        C        D        E       F      G
               +--------+--------+--------+--------+--------+-----+--------+
         Total |  12116 |  11739 |    377 |   2417 |   6601 |  12 | 1009.7 |
       Dungeon |  11075 |  10700 |    375 |   1976 |   6407 |   9 | 1230.6 |
  Orcish Mines |    196 |    194 |      2 |    152 |      0 |   1 |  196.0 |
         Sewer |    614 |    614 |      0 |    137 |    184 |   1 |  614.0 |
      Ice Cave |    230 |    230 |      0 |    152 |     10 |   1 |  230.0 |
               +--------+--------+--------+--------+--------+-----+--------+

Top non-repeatable levels by time:
     D:8: 2475 daAuts
     D:6: 1465 daAuts
     D:7: 1304 daAuts
     D:1: 1202 daAuts
     D:3: 1191 daAuts
     D:5: 1157 daAuts
     D:4: 1138 daAuts
     D:2: 781 daAuts
   Sewer: 614 daAuts
     D:9: 357 daAuts
   IceCv: 230 daAuts
   Orc:1: 196 daAuts
